 Dungeon Crawl Stone Soup version 0.17.0-28-g6e173f8 (webtiles) character file.

3752 septik the Thaumaturge (level 9, -2/45 HPs)
             Began as a Deep Elf Fire Elementalist on Nov 22, 2015.
             Was a Priest of Vehumet.
             Slain by Psyche
             ... wielding a +3 dagger of chaos
              (6 damage)
             ... on level 8 of the Dungeon.
             The game lasted 00:27:01 (7863 turns).

septik the Thaumaturge (Deep Elf Fire Elementalist) Turns: 7863, Time: 00:27:02

Health: -2/45      AC:  5    Str:  5    XL:     9   Next: 93%
Magic:  13/25      EV: 13    Int: 27    God:    Vehumet [***...]
Gold:   449        SH:  0    Dex: 15    Spells: 4 memorised, 16 levels left

rFire  + . .     SeeInvis .     v - +0 dagger (speed)
rCold  . . .     Clarity  .     a - +1 robe
rNeg   . . .     SustAt   .     (no shield)
rPois  .         Gourm    +     o - +0 helmet
rElec  .         Spirit   .     E - +0 cloak
rCorr  .         Warding  .     (no gloves)
rMut   .         Stasis   .     (no boots)
MR     .....                    g - amulet of the gourmand
Stlth  ++........               w - ring of protection from fire
                                k - +3 ring of intelligence

@: not resistant to hostile enchantments, unstealthy
A: no striking features
a: Renounce Religion


You were on level 8 of the Dungeon.
You worshipped Vehumet.
Vehumet was most pleased with you.
You were very full.

You visited 2 branches of the dungeon, and saw 10 of its levels.

You collected 449 gold pieces.

Inventory:

Hand Weapons
 d - a +0 whip
 v - a +0 dagger of speed (weapon)
 G - a +0 whip of freezing
 K - a +0 whip of venom
Missiles
 e - 344 stones (quivered)
 D - 2 needles of frenzy
Armour
 a - a +1 robe (worn)
 o - a +0 helmet (worn)
 E - a +0 cloak (worn)
 J - a +2 leather armour of cold resistance
Magical Staves
 y - an uncursed staff of cold
Jewellery
 g - an amulet of the gourmand (around neck)
 k - a +3 ring of intelligence (left hand)
 w - a ring of protection from fire (right hand)
 x - a +2 ring of intelligence
Wands
 L - a wand of paralysis (9)
 O - a wand of confusion (15)
 P - a wand of lightning (4)
Scrolls
 i - 5 scrolls of identify
 l - 2 scrolls of enchant weapon {unknown}
 p - 4 scrolls of remove curse
 r - a scroll of blinking {unknown}
 s - a scroll of recharging {unknown}
 t - a scroll of enchant armour
 u - 3 scrolls of magic mapping {unknown}
 C - a scroll of teleportation {unknown}
 F - a scroll of torment {unknown}
 H - 2 scrolls of fog {unknown}
 I - a scroll of amnesia {unknown}
 M - a scroll of silence {unknown}
 N - a scroll of immolation {unknown}
Potions
 h - 2 potions of brilliance
 m - 2 potions of magic {unknown}
 n - 6 potions of curing {unknown}
 q - a potion of might {unknown}
 z - 2 potions of berserk rage {unknown}
 A - 2 potions of poison {unknown}
 B - a potion of haste {unknown}
Books
 b - a book of Flames

   Spells                             Type                      Level
   a - Flame Tongue                   Conjuration/Fire             1
   b - Throw Flame                    Conjuration/Fire             2
   c - Conjure Flame                  Conjuration/Fire             3
   d - Inner Flame                    Hexes/Fire                   3
   e - Sticky Flame                   Conjuration/Fire             4
   f - Fireball                       Conjuration/Fire             5
Comestibles
 c - 5 bread rations
 f - 2 beef jerkies
 j - 7 meat rations


   Skills:
 - Level 2.4 Dodging
 - Level 2.4 Stealth
 + Level 10.9 Spellcasting
 - Level 9.0 Conjurations
 + Level 9.8 Fire Magic


You had 16 spell levels left.
You knew the following spells:

 Your Spells              Type           Power        Failure   Level  Hunger
a - Flame Tongue          Conj/Fire      #####        1%          1    None
b - Conjure Flame         Conj/Fire      ######..     1%          3    None
c - Sticky Flame          Conj/Fire      ######..     1%          4    None
d - Fireball              Conj/Fire      ######....   1%          5    ###....


Dungeon Overview and Level Annotations

Branches:
Dungeon (9/15)             Temple (1/1) D:4
   Lair: D:8-11         Orc: D:9-12

Altars:
Ashenzari
Cheibriados
Dithmenos
Elyvilon
Fedhas
Gozag
Kikubaaqudgha
Makhleb
Nemelex Xobeh
Okawaru
Qazlal
Ru
Sif Muna
Trog
Vehumet
Xom
Yredelemnul
Zin
The Shining One

Annotations:
D:8 Psyche


Message History

There is a stone staircase leading down here.
You climb downwards.
A basilisk, 4 rats, a quokka, a crocodile and a crimson imp come into view.
Found 15 gold pieces.
Found a stone staircase leading down.
There is a stone staircase leading up here.
Drink which item? (? for menu, Esc to quit)
Okay, then.
Drink which item? (? for menu, Esc to quit)
Okay, then.
Read which item? (? for menu, Esc to quit)
Okay, then.
Unknown command.
The crimson imp shouts!
The crocodile bites the plant!
You climb upwards.
Level annotation: Psyche Psyche hits you with a dagger of chaos.
* * * LOW HITPOINT WARNING * * *
Psyche hits you with a dagger of chaos.
You die...

.## ##..##.####.##
..# #....#.##...#
#.## #....#.##.###
#..## #.[..#.##.#
##..## #....#..#.#
##..## #....##...#
##..# #.......###
##.######...@...#
#........###@#.#
#######...##...# #
##...##..## #
##.#.#....# #
####..#......#
########....##)))[..#
.........######)....#
.....##### ##..#.#
.....# #####.#####


You could see Psyche.

Vanquished Creatures
  The ghost of Raultor the Transmogrifier, a novice OpTm (D:5)
  A soldier ant (D:7)
  Duvessa (D:7)
  An ogre (D:7)
  2 sky beasts (D:5)
  2 orc warriors
  A black bear (D:7)
  2 phantoms
  4 centaurs
  A big kobold (D:7)
  3 giant frogs
  Dowan (D:7)
  A water moccasin skeleton (D:4)
  2 scorpions
  3 wights (D:6)
  5 killer bees (D:8)
  A giant frog skeleton (D:6)
  A centaur skeleton (D:6)
  3 jellies
  A centaur zombie (D:7)
  3 orc priests
  3 hounds
  2 quasits
  Jessica (D:3)
  7 orc wizards
  4 iguanas
  8 worker ants
  Natasha (D:2)
  A killer bee zombie (D:7)
  A hound zombie (D:7)
  A hound skeleton (D:4)
  A worker ant zombie (D:8)
  A gnoll (D:2)
  14 adders
  4 shadow imps
  An adder skeleton (D:6)
  5 worms
  3 giant geckos
  21 orcs
  4 ball pythons
  7 hobgoblins
  13 jackals
  12 kobolds
  4 quokkas
  A ball python skeleton (D:4)
  10 bats
  3 giant cockroaches
  A giant gecko skeleton (D:6)
  5 giant newts
  7 goblins
  11 rats
197 creatures vanquished.

Notes
Turn   | Place    | Note
--------------------------------------------------------------
     0 | D:1      | septik the Deep Elf Fire Elementalist began the quest for the Orb.
     0 | D:1      | Reached XP level 1. HP: 10/10 MP: 6/6
   353 | D:1      | Reached XP level 2. HP: 15/15 MP: 6/8
  1001 | D:2      | Reached XP level 3. HP: 17/19 MP: 6/10
  1025 | D:2      | Reached skill level 4 in Fire Magic
  1363 | D:2      | Found a basalt altar of Yredelemnul.
  1413 | D:2      | Found a shattered altar of Ashenzari.
  1446 | D:2      | Reached XP level 4. HP: 18/24 MP: 4/11
  1453 | D:2      | Noticed Natasha
  1456 | D:2      | Killed Natasha
  1856 | D:2      | Found a glowing silver altar of Zin.
  2061 | D:3      | Reached XP level 5. HP: 28/28 MP: 11/13
  2208 | D:3      | Found a sparkling altar of Nemelex Xobeh.
  2218 | D:3      | Noticed Jessica
  2224 | D:3      | Killed Jessica
  2553 | D:3      | Noticed a phantom
  2560 | D:3      | Learned a level 3 spell: Conjure Flame
  2565 | D:3      | Learned a level 4 spell: Sticky Flame
  2571 | D:3      | Learned a level 5 spell: Fireball
  2624 | D:3      | Killed a phantom
  2624 | D:3      | Reached skill level 5 in Spellcasting
  2624 | D:3      | Reached skill level 5 in Fire Magic
  2624 | D:3      | Reached XP level 6. HP: 20/32 MP: 0/15
  2775 | D:3      | Found a stormy altar of Qazlal.
  2776 | D:3      | Found a glowing golden altar of the Shining One.
  2776 | D:3      | Found a bloodstained altar of Trog.
  2781 | D:3      | Found a deep blue altar of Sif Muna.
  2949 | D:4      | Reached skill level 5 in Conjurations
  3155 | D:4      | Found a shimmering altar of Xom.
  3447 | D:4      | Reached XP level 7. HP: 36/36 MP: 14/17
  3555 | D:4      | Found a staircase to the Ecumenical Temple.
  3564 | Temple   | Entered the Ecumenical Temple
  3662 | Temple   | Became a worshipper of Vehumet
  3749 | D:5      | Entered Level 5 of the Dungeon
  3896 | D:5      | Reached skill level 6 in Spellcasting
  4466 | D:5      | Noticed Raultor's ghost (novice OpTm)
  4489 | D:5      | Killed Raultor's ghost
  4489 | D:5      | Reached skill level 7 in Spellcasting
  4489 | D:5      | Reached XP level 8. HP: 35/41 MP: 7/20
  4715 | D:6      | Reached * piety under Vehumet
  4715 | D:6      | Offered knowledge of Magic Dart by Vehumet.
  4849 | D:6      | Reached skill level 8 in Conjurations
  5455 | D:6      | Offered knowledge of Freeze by Vehumet.
  5465 | D:6      | Reached ** piety under Vehumet
  5465 | D:6      | Reached skill level 9 in Conjurations
  5480 | D:6      | Found a shadowy altar of Dithmenos.
  5489 | D:6      | Reached XP level 9. HP: 41/45 MP: 15/23
  5843 | D:7      | Found a sacrificial altar of Ru.
  5969 | D:7      | Found an ancient bone altar of Kikubaaqudgha.
  6233 | D:7      | Noticed Dowan
  6279 | D:7      | Noticed Duvessa
  6293 | D:7      | Killed Duvessa
  6364 | D:7      | Killed Dowan
  6473 | D:7      | Offered knowledge of Dazzling Spray by Vehumet.
  6494 | D:7      | Found a burning altar of Makhleb.
  6500 | D:7      | Noticed an Executioner
  6503 | D:7      | Noticed a smoke demon
  6600 | D:7      | Reached skill level 10 in Spellcasting
  6878 | D:7      | Reached *** piety under Vehumet
  7847 | D:8      | Noticed Psyche
  7863 | D:8      | Slain by Psyche

Action                   |  1- 3 |  4- 6 |  7- 9 || total
-------------------------+-------+-------+-------++-------
Melee: Whip              |       |     6 |    44 ||    50
       Dagger            |       |       |    51 ||    51
Throw: Stone             |       |     1 |       ||     1
 Cast: Flame Tongue      |    68 |   124 |   308 ||   500
       Conjure Flame     |       |     3 |    11 ||    14
       Fireball          |       |       |    22 ||    22
       Sticky Flame      |       |       |     6 ||     6
  Use: Scroll            |     4 |       |       ||     4
  Eat: Chunk             |    12 |    11 |    15 ||    38
